[Event "44th Chess Olympiad Open 2022"]
[Site "Chennai"]
[Date "2022.07.30"]
[Round "2.43"]
[White "Van Hoolandt, Patrick"]
[Black "Petursson, Margeir"]
[Result "1/2-1/2"]
[WhiteElo "2044"]
[BlackElo "2450"]
[Annotator "TA"]
[PlyCount "133"]
[EventDate "2022.??.??"]
[TimeControl "60"]

1. d4 Nf6 2. c4 e6 3. Nf3 b6 4. Nc3 Bb4 5. Bg5 Bb7 6. e3 h6 7. Bh4 g5 8. Bg3 Ne4 9. Qc2 Bxc3+ 10. bxc3 d6 11. Bd3 f5 12. d5 Na6 {[%emt 0:06:10] E13: Queen's Indian/
Nimzo-Indian hybrid: 4 Nc3 Bb7 5 Bg5 h6 6 Bh4 Bb4.} ({Reject} 12... exd5 13.
cxd5 Bxd5 14. Nd4 $11) 13. Bxe4 fxe4 14. Qxe4
{[%emt 0:00:07] [#] And now Qg6+ would win.} Qf6 {[%emt 0:08:44] Against Qg6+.
Black has an edge.} 15. Qxe6+ Qxe6 16. dxe6 O-O-O (16... Nc5 {is more complex.} 17. h4 Ke7
18. O-O-O Ne4) 17. O-O Nc5 {[%emt 0:10:53] Black has
compensation.} 18. Nd4 Rde8 19. f3 Ba6 20. Nb5 Kb8 21.
e4 Rxe6 22. Rad1 {[%emt 0:10:53] [#]} Rhe8
$146 ({Predecessor:} 22... h5 23. h4 gxh4 24. Bxh4 Nd7 25. Rf2
Ne5 26. Nd4 Rg6 27. c5 dxc5 28. Nf5 Nd3 {½-½ (60) Dosi,A (2563) -Karacsony,Z
(2621) ICCF email 2007}) 23. Rfe1 Na4 24. Rb1
{[%emt 0:14:25] Prevents Nb2.} Nc5 25. Rbd1 Nd7 26. Rd4 Bc8 27. Red1 Nc5 28. R4d2 Na4 (28... g4 $5) 29. Rc2 Rg6 30. h3 Be6 31. Rd4 Bf7 (31... Bg8 $15) 32. Kh2 (32. e5 $11 dxe5 33. Rd7 Bxc4 34.
Nxc7) 32... Nc5 33. Na3 h5 34. Re2 h4 35. Bf2 Ne6 36. Rd1 Nf4 37. Rb2 Re5 {[%emt 0:01:25]
Inhibits c5.} 38. c5 dxc5 39. Rd8+ Kb7 40. Rbd2 Re7 41.
Be3 Nh5 42. Kg1 Kc6 43. Kf2 Nf6 44. Ke1 Nd7 45. Rh8 Rg7 46. Kd1 a6 (46... Ne5 $5 ) 47. Kc1 Re6 48. Ra8 Rd6 49. Kb1 Ne5 50. Rd8 Rgg6 {[%emt 0:00:00] Black is
slightly better.} 51. Nc2 Bc4 52. R2xd6+ cxd6 53. Rf8 Bf1 54. Ne1 Nd3 55. Nxd3 Bxd3+ $15 {[%emt 0:00:07] Endgame KRB-KRB} 56. Kb2 Bf1 57. Rf5 ({Much weaker
is} 57. Rc8+ Kb7 58. Rf8 Bxg2 $17) 57... Bxg2 58. Rxg5 Rxg5 59. Bxg5 Bxf3 60. Bxh4 Bxe4 {[%emt 0:00:00] KB-KB} 61. Bf6 Kd5 62. Be7 Ke5 63.
Bd8 b5 64. Be7 Ke6 65. Bf8 a5 66. a3 Bf3 67. h4 {[%emt 0:00:33] Weighted Error Value: White=0.15 
(very precise) /Black=0.15 (very precise)} 1/2-1/2

[Event "44th Chess Olympiad Open 2022"]
[Site "Chennai"]
[Date "2022.07.30"]
[Round "2.44"]
[White "Panjwani, Raja"]
[Black "Kawuma, Patrick"]
[Result "1-0"]
[WhiteElo "2450"]
[BlackElo "2270"]
[Annotator "TA"]
[PlyCount "69"]
[EventDate "2022.??.??"]
[TimeControl "60"]

1. d4 Nf6 2. Nf3 e6 3. c4 Bb4+ 4. Bd2 Qe7 5. g3 b6 6. Bg2 Bb7 7. O-O Bxd2 8. Qxd2 a5 {
[%emt 0:06:41] E16: Queen's Indian: 4 g3 Bb7 5 Bg2 Bb4+.} 9. Nc3 d6 10. Qc2 O-O {[%emt 0:12:24] White is
slightly better.} 11. e4 e5 12. Nd5 Nxd5 13. cxd5 exd4 14. Nxd4 Na6 15. a3 Rfe8 {[%emt 0:07:50] [#]} 16. Rac1 $146 {[%emt 0:13:29]
White is more active.} ({Predecessor:} 16. Rab1 Nc5 17. Nf5 Qf6 18. b4 axb4 19.
axb4 Na6 20. Ne3 Qd8 21. Bh3 Bc8 22. Bxc8 Rxc8 {0-1 (90) Bosbach,G-Berner,W
Bern 1977}) 16... g6 17. Rfe1 Qf6 18. Qc4 ({White should play} 18. Red1) 18... Nc5 19. b4 ({White should try} 19. Re3 $14) 19...
axb4 $1 $11 20. axb4 Ba6 21.
Nb5 $1 Nd7 22. f4 Bxb5 23. Qxb5 Qd4+ 24. Kh1 Nf6 25. Qc4 $36 {[%emt 0:05:27]
White is pushing.} Qxc4 26. Rxc4 Ra4 27. e5 dxe5 ({Better is} 
27... Re7 $11) 28. fxe5 $14 b5 $2 {[%emt 0:00:30] A mistake
that costs the game.} (28... Ra7 $1 $14) 29. Rxc7 $18 {[%emt 0:02:51] And now
d6 would win.} Ng4 $2 (29... Rxb4 30. d6 Rxe5 31. Rxe5 Rb1+
32. Bf1 Rxf1+ 33. Kg2 Rd1 34. Rxb5 Rd2+ 35. Kf3 Rd3+ 36. Ke2 Rxd6) 30. e6 fxe6 31. dxe6 {[%emt 0:01:34] [#] Hoping for
Bc6.} Rxb4 32. Bc6 Rc4 33.
e7 Nf6 34. Bxe8 {[%emt 0:00:27] White
threatens Bc6 and mate.} Rxc7 35. Bxb5 {[%emt 0:00:05]
Weighted Error Value: White=0.16 (very precise) / Black=0.38} 1-0

[Event "44th Chess Olympiad Open 2022"]
[Site "Chennai"]
[Date "2022.07.30"]
[Round "2.44"]
[White "Samsonkin, Artiom"]
[Black "Nsubuga, Haruna"]
[Result "1-0"]
[WhiteElo "2434"]
[BlackElo "2160"]
[Annotator "RC"]
[PlyCount "55"]
[EventDate "2022.??.??"]
[TimeControl "60"]

1. e4 c5 2. Nf3 Nc6 3. Bb5 g6 4. c3 Bg7 5. d4 cxd4 6. cxd4 Qb6 7. Nc3 Nxd4 8. Nd5 Qc5 9. Nxd4 Bxd4 10. O-O Be5 11. Be3 Qxb5 12. Bd4 Bd6 13. Bxh8 f6 14. Nxf6+ Nxf6 15. Bxf6 b6 16. a4 Qc4 17. Bd4 Ba6 18. Re1 Qf7 19. Qd2 Bb7 20. f3 Bc6 21. e5 Bc7 22. Rac1 Qd5 23.
Qc3 Rc8 24. e6 Qh5 25. Be5 Bd8 26. Qb3 dxe6 27. Rxc6 Qh4 28. g3 1-0

[Event "44th Chess Olympiad Open 2022"]
[Site "Chennai"]
[Date "2022.07.30"]
[Round "2.44"]
[White "Wanyama, Harold"]
[Black "Hansen, Eric"]
[Result "0-1"]
[WhiteElo "2242"]
[BlackElo "2606"]
[Annotator "TA"]
[PlyCount "68"]
[EventDate "2022.??.??"]
[TimeControl "60"]

1. d4 Nf6 2. c4 e6 3. g3 d5 4. Bg2 dxc4 5. Nf3 Nc6 6. Qa4 Bb4+ 7. Bd2 Bxd2+ {[%emt 0:00:42] E04: Open Catalan: 5 Nf3.}
8. Nbxd2 O-O 9. Qxc4 e5 $5 {
[%emt 0:10:53] White is slightly better. A promising side line.} 10. dxe5 Ng4 11. Qc3 Qe7 12. Nc4 Re8 13. Rd1 {[%emt 0:02:27] [#]}
Be6 $146 ({Predecessor:} 13... Qc5 14. O-O Be6 15. Rc1 Rad8
16. h3 Qxc4 17. Qxc4 Bxc4 18. Rxc4 Ngxe5 19. Nxe5 Rxe5 {½-½ (61)
Dzhumagaliev,Y (2367)-Chuguev,A (2266) Novosibirsk 2010}) 14. Na5 Bxa2 (14... Nxa5 $14 15. Qxa5 Bf5) 15. Nxc6 bxc6 16. Nd4 Qxe5 ({
Black should play} 16... Nxe5 17. O-O Rab8) 17. Bxc6 $16 Bd5 18. Bxa8 Bxa8 19. O-O (19. f3 $6 c5 20. O-O cxd4 21. Rxd4 Nf6 $11) 19... Nxh2 20. Rfe1 Qh5 21. e4 $2 (21. f3 $2 Ng4 $1 22. fxg4 Qh1+ 23. Kf2 Qg2#) ({White must play
} 21. Nf3 $1 $18 Ng4 22. e4) 21... c5 $40 {[%emt 0:01:12] Black
has some attack.} ({Much less strong is} 21... Ng4 22. Nf3 $16) 22. Nf5 (22. Qa5 $15) 22... Nf3+ $19 23. Kf1 Qh3+ 24. Ke2 Rxe4+ (24... Qxf5 25. Qxf3 Qe5 26. Qc3
$16 (26. Kf1 Qxb2 27. Kg1 Qb5 $14)) 25. Ne3 {[%emt 0:01:24] White wants to
mate with Rd8+.} Re8 {[%emt 0:02:25] Inhibits Rd8. aiming for ...Qh5. Dancing
on a razor blade.} 26. Qxc5 Nxe1 27. Rxe1 Qg4+ 28. Kd2 Qd7+ ({Stronger than} 28... Qf3 29. Nd1 Rd8+ 30. Kc1 $17) 29. Ke2 Qg4+ (29... Bb7 $142 {Hoping for ...Ba6+.} 30. Ra1
Qg4+ 31. Ke1 Qe4) 30. Kd2 {[%emt 0:00:08] [#]} Rd8+ ({Black
should try} 30... Qf3 $1 $19 31. Nf5 Rd8+ 32. Kc1 Qd3) 31. Kc3
$2 {[%emt 0:00:13] [#]} (31. Kc1 $17 {only move.} Qe6 32. Nc2) 31... Qe6 $1 32. Qxa7 $2 (32. Nc2 Qd7 33. Qd4 Qc8+ 34. Qc4)
32... Qe5+ 33. Kc2 Be4+ 34.
Kc1 Rc8+ {[%emt 0:00:06] Weighted Error Value: White=0.77/
Black=0.19 (very precise)} 0-1

[Event "44th Chess Olympiad Open 2022"]
[Site "Chennai"]
[Date "2022.07.30"]
[Round "2.44"]
[White "Okas, Walter"]
[Black "Noritsyn, Nikolay"]
[Result "0-1"]
[WhiteElo "2191"]
[BlackElo "2482"]
[Annotator "TA"]
[PlyCount "96"]
[EventDate "2022.??.??"]
[TimeControl "60"]

1. d4 d5 2. Nf3 e6 3. g3 b5 4. Bg2 Nf6 5. O-O Be7 6. Ne5 {[%emt 0:01:19] A46:1 d4 Nf6 2 Nf3 e6: Torre, London
and Colle Systems.} O-O 7. a4 b4 8. c4 {[%emt 0:00:26] The position is equal.} Bb7 {[%emt 0:09:02] [#]} (
8... bxc3 $5 9. Nxc3 a5 $11) 9. Qc2 $146 ({Predecessor:} 9. c5
Nc6 10. f4 a5 11. h3 Nd7 12. Kh2 Ncxe5 13. fxe5 f6 14. exf6 Nxf6 15. Bf4 {
1-0 (52) Stefanova,A (2462)-Vaishali,R (2393) Chess.com INT 2020}) 9... c6 10. Rd1 Nbd7 11. a5 (11. Nxd7 $11 Nxd7 12. Nd2) 11... Nxe5 $15 12. dxe5 Nd7 13. e4 ({White should
play} 13. a6 $11 Bc8 14. cxd5 cxd5 15. e4) 13... Rc8 (13...
Ba6 $15 {should be considered.}) 14. a6 Ba8 15. Qe2 Nb6 ({Resist} 15... Nxe5
16. exd5 Bf6 17. dxe6 $16) 16. Nd2 Qc7 17. f4 Rfd8 {[%emt 0:02:20] White is on the road to losing.} 18. Re1 Bc5+ 19. Kh1 {[%emt 0:00:58] [#]} Bd4 $1 20. cxd5 cxd5 21. Nb3 dxe4 22. Bxe4 Bxe4+ 23. Qxe4 Qc4 24. Nd2 (24. Be3 $17 {was worth a try.} Bxb2 25. Bxb6 Qxb3 26. Bxd8 Bxa1 27. Rxa1 Rxd8
28. Rb1) 24... Qc2 $19 25. Nf3 Bf2 ({Stronger than} 25... Bxb2 26. Bxb2 Qxb2 27. Rab1 $17) 26. Qxc2 Rxc2 27. Rf1 h6 28. Bd2 $2 (28. Kg2 Bc5+ 29. Kh3) 28... Rdxd2 {[%emt 0:
00:00] Black is clearly winning.} 29. Nxd2 Rxd2 30. b3 Nd5 31. Rfd1 Rb2 32. Rd3 Bb6 33. h3 h5 34. f5 Re2 35.
Rc1 Rxe5 36. Rc8+ Kh7 37. fxe6 fxe6 38. Rf8 Kg6 39. Kg2 Re2+ 40. Kh1 Ra2 41. Re8 Kf7 42. Rh8 Nf6 {[%emt 0:01:38] Hoping for ...
Ne4.} 43. Rf3 Kg6 44. Rf4 Rxa6 45. Rxb4 Ra1+ 46. Kg2 Ra2+ 47. Kh1 e5 {[%emt 0:00:
00][%cal Ye6e5,Ye5e4] [#] Strongly threatening ...e4.} 48. Rc8 e4 {[%emt 0:00:00] Weighted Error Value: White=0.38/Black=0.14 (very precise)}
0-1

[Event "44th Chess Olympiad Open 2022"]
[Site "Chennai"]
[Date "2022.07.30"]
[Round "2.45"]
[White "Bilguun, Sumiya"]
[Black "Mc Intosh, Isaiah"]
[Result "1/2-1/2"]
[WhiteElo "2463"]
[BlackElo "2215"]
[Annotator "TA"]
[PlyCount "97"]
[EventDate "2022.??.??"]
[TimeControl "60"]

1. e4 e5 2. Nf3 Nc6 3. d4 exd4 4. Nxd4 Bc5 5. Nb3 Bb6 6. Nc3 Nf6 7. Qe2 {[%emt 0:02:03] C45: Scotch Game.} d6 8. Be3 Be6 9. O-O-O {[%emt 0:00:43] White is
slightly better.} Qe7 10. Kb1 Bxe3 11. Qxe3 O-O 12. f3 {[%emt 0:02:26] 
[#]} Rad8 $146 ({Predecessor:} 12... Rfd8 13. g4 Bxb3 14. axb3
d5 15. g5 d4 16. gxf6 Qxf6 17. e5 dxc3 18. Re1 Qe7 19. Qxc3 {1-0 (63) Ye,L 
(1813)-Park,E (1599) Pocos de Caldas 2017}) 13. Nd4 Nxd4 14. Rxd4 Rfe8 15. Qc1 c6 16. g4 d5 17. g5 Nd7 18. exd5 Nb6 19.
Re4 Nxd5 20. Nxd5 Rxd5 21. h4 Rdd8 22. Bd3 Qd7 23. Rhe1 Bd5 24.
R4e3 c5 25. b3 g6 26. h5 Re6 (26... gxh5 $11 27. Rh1
Bc6) 27. hxg6 (27. h6 $1 $16 Qe7 28. Qb2 $1) 27... hxg6 $14 28. Rh1 (28. Rxe6 $1 $16 {aiming for Re7.}
Bxe6 29. Qf4) 28... Rxe3 $11 29. Qxe3 {[%emt 0:00:46]
Threatening mate with Qe5.} Qd6 {[%emt 0:00:42] Prevents Qe5.} (29... Re8 $11 {
keeps the balance.} 30. Qf2 (30. Qxc5 Bxf3 31. Rf1 Bg2 $11) 30... Bc6) 30. Qf2 (30. Be2 $16) 30... b6 ({But not} 30... Qf4
31. Qxc5 Bc6 32. Qa5 $16 (32. Qxa7 Qxg5 33. Qb6 Rd7 $16) (32. Qc3 Qd4 $14)) 31.
Qe3 Bc6 32. Be4 {[%emt 0:00:31] Strongly
threatening Bxc6.} Qe5 33. Qe2 $1 Bxe4 34. fxe4 {[%emt 0:00:05] Endgame KQR-KQR} Rd4 35. Re1 ({White should play} 35. Qa6 $15 Qxg5 36. Qxa7) 35...
Qxg5 $19 36. e5 Qd2 37. Qf1
{[%emt 0:00:29] [#]} Rf4 $1 38. Qh1 {[%emt 0:00:00] Hoping
for Rd1.} Rf2 39. Qe4 Kg7 (
39... Qb4 $17 {And now ...Qxe4 would win.} 40. Qa8+ Kg7) 40. e6 $1 $11 fxe6 41. Qe5+ Kf8 42. Qe4 {[%emt 0:05:59] [#]} (42. Qb8+ $11 Ke7 43. Qc7+ Qd7 44. Qg3)
42... Kg7 ({Black should try} 42... g5 $1 $17) 43. Rg1 Rf6 44. Qa8 Qd7 45. Rh1 $1 {[%emt 0:01:44] White wants to mate with Qh8+.} Rf8 {[%emt 0:
00:44] Inhibits Qh8+.} 46. Qg2 (46. Qe4 $11) 46... Rf5 $1 $15 47. Qa8 {[%emt 0:03:48] Qh8+ would kill now.} Rf8 {[%emt 0:00:
27] Prevents Qh8+.} (47... Rh5 $5 48. Rf1 Qe7 $17) 48. Qe4 Rf5 (48... Qd5 $5 49. Qh4 Qh5 $11) 49. Qa8 $1
{[%emt 0:01:19] Weighted Error Value: White=0.20 (precise) /Black=0.19 (very
precise)} 1/2-1/2

[Event "44th Chess Olympiad Open 2022"]
[Site "Chennai"]
[Date "2022.07.30"]
[Round "2.45"]
[White "Amartuvshin, Ganzorig"]
[Black "Harper, Ryan"]
[Result "1-0"]
[WhiteElo "2409"]
[BlackElo "2208"]
[Annotator "TA"]
[PlyCount "65"]
[EventDate "2022.??.??"]
[TimeControl "60"]

1. d4 Nf6 2. c4 g6 3. Nc3 Bg7 4. e4 d6 5. Be2 O-O 6. Nf3 e5 7. d5 c5 8. Bg5 h6 {[%emt 0:02:20] E92: King's Indian: Classical: 6 Be2 e5:7 dxe5, 7 Be3
and Petrosian System without 7...Nbd7.} 9. Be3 Ng4 10. Bd2 f5 {[%emt 0:01:00] White is better.} 11. h3 Nf6 {[%emt 0:18:12] [#]} 12. exf5 gxf5 {
[%emt 0:22:07] [#]} 13. Qc1 $146 {[%emt 0:00:56] White is more active.} ({
Predecessor:} 13. g3 Nh7 14. Qc2 Na6 15. a3 Bd7 16. O-O-O Nb4 17. Qb3 a5 18.
axb4 axb4 19. Nb5 {0-1 (39) Santamaria Perez,T (2364)-Vohl,G (2388) ICCF email
2016}) 13... f4 14. g3 e4 15. Nh4 e3 16. fxe3 fxg3 17. Ng6 Rf7 {[%emt 0:14:12] [#]} (
17... Re8 $16 {was necessary.}) 18. Qc2 $1 $18 g2 (18... b5 {keeps fighting.}) 19. Rg1 Bxh3 20. O-O-O Ng4 21.
Nf4 Rxf4 22. exf4 Qh4 (22... Nf2 $142 23. Qg6 Nxd1 24. Nxd1 Qe7) 23. Qg6 {[%emt 0:02:
37] Qe6+ is the strong threat. White is clearly winning.} Nf2 24. Rde1 Na6 25. Rxg2 Bxg2 26. Qxg2 Nb4 {[%emt 0:
02:41] And now ...Nfd3+ would win.} 27. Rg1 Nbd3+ 28. Kc2 Nb4+ 29. Kb3 Qf6 30. Qxf2 a5 31. Na4 {[%emt 0:01:19] Strongly threatening Bc3.} Qf5 32.
Bc3 Qc2+ 33. Ka3 {[%emt 0:00:10] Weighted
Error Value: White=0.14 (very precise) /Black=0.63} 1-0

[Event "44th Chess Olympiad Open 2022"]
[Site "Chennai"]
[Date "2022.07.30"]
[Round "2.45"]
[White "Johnson, Joshua"]
[Black "Gundavaa, Bayarsaikhan"]
[Result "0-1"]
[WhiteElo "2178"]
[BlackElo "2503"]
[Annotator "ChessBase"]
[PlyCount "54"]
[EventDate "2022.??.??"]
[TimeControl "60"]

1. e4 c6 2. d4 d5 3. e5 c5 4. dxc5 e6 5. a3 Bxc5 6. b4 Be7 7. Nf3 a5 8. b5 Nd7 9. Bb2 Nh6 10. c4 dxc4 11. Bxc4 b6 12. Nbd2 Bb7 13. Nd4 Qc7 14. Qh5 O-O 15. O-O Qxe5 16. Qh3 Bf6 17. Rae1 Qf4 18. Nxe6 fxe6 19. Qxe6+ Kh8 20. Qxd7 Bxb2 21. Qxb7 Qxd2 22. Re2 Qd4 23.
Bb3 Rab8 24. Qe7 Nf5 25. Qg5 Bxa3 26. Bc2 Qf6 27. Qg4 Nd4 0-1

[Event "44th Chess Olympiad Open 2022"]
[Site "Chennai"]
[Date "2022.07.30"]
[Round "2.46"]
[White "Taher, Yoseph Theolifus"]
[Black "Croad, Nicolas"]
[Result "1-0"]
[WhiteElo "2463"]
[BlackElo "2289"]
[Annotator "ChessBase"]
[PlyCount "85"]
[EventDate "2022.??.??"]
[TimeControl "60"]

1. d4 Nf6 2. c4 e6 3. Nc3 Bb4 4. f3 c5 5. d5 b5 6. e4 bxc4 7. Bxc4 Nxd5 8.
Bxd5 exd5 9. Qxd5 Nc6 10. Nge2 Ba6 11. Kf2 O-O 12. Rd1 Re8 13. Kg1 Ne5 14. Nf4 Rb8 15. a3 Ba5 16. Qd6 Rb6 17. Qxc5 Rxb2 18. Ncd5 Qg5 19. Kh1 Bb6 20. Nxb6 axb6 21. Qc3 Rf2 22. Be3 Rc8 23. Qd4 Nxf3 24. Qd6 Rfc2 25. gxf3 Be2 26. Nxe2 Qxe3 27. Nd4 Rd2 28. Rxd2 Qxd2 29. Nf5 Qc3 30. Ne7+ Kh8 31. Nxc8 Qxf3+ 32. Kg1 Qe3+ 33. Kf1 Qf3+ 34. Ke1 Qe3+ 35. Kd1 Qb3+ 36. Ke2 Qc2+ 37. Kf3 Qc3+ 38. Kf4 h6 39. Ne7 g5+ 40. Kg4 h5+ 41. Kxg5 Qe3+ 42. Qf4 f6+ 43. Kf5 1-0

[Event "44th Chess Olympiad Open 2022"]
[Site "Chennai"]
[Date "2022.07.30"]
[Round "2.46"]
[White "Kurniawan, Muhamad Agus"]
[Black "Duneas, John"]
[Result "1-0"]
[WhiteElo "2328"]
[BlackElo "2031"]
[Annotator "TA"]
[PlyCount "97"]
[EventDate "2022.??.??"]
[TimeControl "60"]

1. e4 e6 2. d4 d5 3. Nc3 Nf6 4. Bg5 dxe4 5. Nxe4 Be7 6. Bxf6 gxf6 7. Nf3 a6 8. Qe2 {[%emt 0:00:27] C13: French: Classical
System: 4 Bg5 Be7, Alekhine-Chatard Attack.} Qd5 {[%emt 0:20:02] [#]} (8... f5
$11 {keeps the balance.} 9. Nc3 b5) 9. a3 $146 (9. c4 $1 $16 Qa5+ 10. Nc3) ({Predecessor:} 9. g3 b5 10. Bg2 Bb7 11. Ned2 Qh5
12. O-O-O Nc6 13. Nb3 O-O-O 14. Kb1 Kb8 15. Rhe1 Rhe8 {1-0 (49) Fleetwood,D 
(2534)-Lopepe,P (2506) France AJEC 2002}) 9... Qa5+ 10. c3 {
[%emt 0:03:30] White is slightly better.} Nd7 11. b4 Qh5 12. Qc4 Qd5 (
12... Qg6 $11 13. Ned2 Bd6) 13. Qxd5 $14 exd5 14. Ng3 Nb6 15. Bd3 O-O 16. Kd2 Nc4+ 17. Bxc4 dxc4 18. Rhe1 Bd6 19. Ne4 Bf4+ 20. Kc2 Kg7 21. g3 Bh6 22. Nh4 Bg5 23. Nf3 ({Much worse is} 
23. f4 Bxh4 24. gxh4 Re8 $11) 23... Bh6 $1 ({Much less strong
is} 23... Bf5 24. Kb2 $14 (24. Nfxg5 fxg5 25. f3 Rae8 $11)) 24. a4 Re8 {[%emt 0:01:49] [#]} 25. Nh4 {[%emt 0:00:00][%cal
Ye4f6] Prevents Bf5.} Bh3 26. f4 b5 27. a5 Rad8 28. Nc5 {[%emt 0:03:01]
Pair of Knights!} Bc8 29. Kd2 {[%emt 0:00:50] White is more
active.} Kg8 30. Rxe8+ Rxe8 31. Re1 Rxe1 32. Kxe1 $16 {[%emt 0:00:01]
Endgame KBB-KNN} Bf8 33. Kd2 Be7 34. Ke3 f5 35.
Nf3 f6 $2 {[%emt 0:00:00] A mistake that costs the game.} (
35... Kf8 $16) 36. d5 $18 Bxc5+ 37. bxc5 {
[%emt 0:00:03][%cal Yb4c5,Yc5c6] Strongly threatening c6. KB-KN} Kf7 38. c6 Ke7 39. Kd4 Kd6 40. Ne1 {[%emt 0:00:01] Black must now prevent Nc2.} Ke7 41. Kc5 Kd8 42. Nc2 Ke7 {[%emt 0:00:31] Inhibits d6+.} 43. Nd4 (43. h4
$142 h6 44. Nb4) 43... Kd8 44. d6 cxd6+ 45. Kxd6 {[%emt 0:00:03] Nc2 is the strong threat.} h6 46. Nc2 {[%emt 0:00:28] White mates.} h5 47.
Nb4 Ke8 48. Kc7 Be6 49. Nxa6 {[%emt 0:00:03] Weighted Error Value: White=0.09 
(flawless) /Black=0.25 (precise)} (49. Kb6 $142 h4 50. Nxa6 Bc8 51. Nc7+ Ke7
52. a6 hxg3 53. hxg3 b4 54. a7) 1-0

[Event "44th Chess Olympiad Open 2022"]
[Site "Chennai"]
[Date "2022.07.30"]
[Round "2.46"]
[White "Gong, Daniel Hanwen"]
[Black "Priasmoro, Novendra"]
[Result "1/2-1/2"]
[WhiteElo "2296"]
[BlackElo "2494"]
[Annotator "ChessBase"]
[PlyCount "65"]
[EventDate "2022.??.??"]
[TimeControl "60"]

1. d4 Nf6 2. Bf4 g6 3. Nc3 d5 4. e3 Bg7 5. h4 c5 6. Nb5 Na6 7. c3 O-O 8. Be2 Qb6 9. a4 c4 10. Nf3 Bd7 11. b3 Bxb5 12. axb5 Qxb5 13. bxc4 dxc4 14. Qa4 Qxa4 15. Rxa4 Nd5 16. Kd2 Rfd8 17. Kc2 Nxf4 18. exf4 Nc7 19. Rha1 a6 20. Rxc4 Nd5 21. g3 e6 22. Ne5 b5 23. Rc6 b4 24. Bf3 Nxc3 25. Rxc3 bxc3 26. Bxa8 Rxa8 27. Kxc3 a5 28. Ra4 Bf8 29. Nc6 Rc8 30. Rc4 Ra8 31. Ra4 Rc8 32. Rc4 Ra8 33. Ra4 1/2-1/2

[Event "44th Chess Olympiad Open 2022"]
[Site "Chennai"]
[Date "2022.07.30"]
[Round "2.46"]
[White "Xie, Felix"]
[Black "Ervan, Mohamad"]
[Result "1/2-1/2"]
[WhiteElo "2224"]
[BlackElo "2402"]
[Annotator "TA"]
[PlyCount "61"]
[EventDate "2022.??.??"]
[TimeControl "60"]

1. d4 Nf6 2. c4 e6 3. g3 d5 4. Nf3 Be7 5. Bg2 O-O 6. O-O dxc4 7. Ne5 Nc6 8. Bxc6 bxc6 9. Nxc6 Qe8 10. Nxe7+ Qxe7 11. Qc2 {[%emt 0:00:10] E05: Open Catalan: 5 Nf3 Be7.} e5 12. dxe5 Qxe5 13. Bf4 {
[%emt 0:01:06] White is slightly better.} Qh5 14. f3 Qc5+ {[%emt 0:13:08] The position is equal.} 15. Kg2 Nd5 ({Don't play} 15... Qh5 16. g4 Nxg4 17. fxg4 Bxg4 18. Re1
$16) 16. Bd2 {[%emt 0:03:47] [#]} Rb8 $146 {[%emt 0:07:48] Black is not
holding back} ({Predecessor:} 16... Re8 17. e4 Nb6 18. Nc3 Be6 19. Rfe1 Rad8
20. Be3 Qa5 21. Rad1 Rd7 22. Bxb6 axb6 23. Rxd7 Bxd7 {1-0 (57) Brunner,J (2046)
-Mueller,M (1837) Willingen 2019}) 17. e4 c3 18. b3 ({Don't blunder} 18. exd5 $2 cxb2 19. Nc3 bxa1=N 20.
Rxa1 Bb7 $19) 18... Nb4 19. Qxc3 Qh5 20. g4 Bxg4 21. fxg4 Qxg4+ 22. Qg3 Qxe4+ 23. Rf3 {[%emt 0:01:01] [#] Hoping for Na3.} Rb6 {[%emt 0:03:15]
Strongly threatening ...Rg6.} 24. Bxb4 Rg6 25. Bxf8 {[%emt 0:00:17][%cal Yf8a3] And now Ba3! would win.} Qe2+ 26. Rf2 Qe4+ 27. Rf3 {[%emt 0:00:18]
[%cal Yf8a3] [#] Black must now prevent Ba3!} Qe2+ 28. Rf2 Qe4+ 29. Rf3 {[%emt 0:00:43][%cal Yf8a3]
Threatens to win with Ba3!} Qe2+ 30. Rf2 Qe4+ 31. Rf3 {[%emt 0:00:14] Weighted Error Value: White=0.03 
(flawless) /Black=0.02 (flawless)} 1/2-1/2

[Event "44th Chess Olympiad Open 2022"]
[Site "Chennai"]
[Date "2022.07.30"]
[Round "2.48"]
[White "Masango, Spencer"]
[Black "Altell, Majed"]
[Result "1-0"]
[WhiteElo "2170"]
[BlackElo "1807"]
[Annotator "RC"]
[PlyCount "55"]
[EventDate "2022.??.??"]
[TimeControl "60"]

1. c4 Nf6 2. Nc3 e6 3. g3 d5 4. Bg2 c6 5. Nf3 Nbd7 6. cxd5 exd5 7. O-O Be7 8. Rb1 O-O 9. b4 b5 10. Nd4 Ne5 11. d3 Bd7 12. a4 a5 13.
axb5 axb4 14. bxc6 Nxc6 15. Ncb5 Qb6 16. e3 Bc5 17. Bd2 Rfb8 18.
Nxc6 Bxc6 19. Nd4 Bxd4 20. Rxb4 Qc5 21. exd4 Qa7 22. Qb3 Rxb4 23. Qxb4 Qa6 24. Rc1 Bb5 25. Bg5 Bxd3 26. Bxf6 Qxf6 27. Bxd5 g6 28. Bxa8 1-0

[Event "44th Chess Olympiad Open 2022"]
[Site "Chennai"]
[Date "2022.07.30"]
[Round "2.48"]
[White "Zhemba, Jemusse"]
[Black "Isam, Gaith"]
[Result "1-0"]
[WhiteElo "2162"]
[BlackElo "1828"]
[Annotator "ChessBase"]
[PlyCount "199"]
[EventDate "2022.??.??"]
[TimeControl "60"]

1. Nf3 f5 2. d4 Nf6 3. c4 e6 4. Nc3 Bb4 5. Qb3 Bxc3+ 6.
Qxc3 Ne4 7. Qc2 d6 8. b3 O-O 9. Bb2 b6 10. Nd2 Bb7 11. Nxe4 Bxe4 12. Qc3 f4 13. h4 Nd7 14. O-O-O Qf6 15. f3 Bb7 16. e4 e5 17. Kb1 exd4 18. Rxd4 Ne5 19. Qe1 Rae8 20. Be2 Kf7 21. b4 c5 22. Rd1 Ke7 23. Qd2 Rd8 24. Qc3 Rd7 25. Ka1 h6 26. Rd2 Rfd8 27. Rhd1 Nc6 28. bxc5 Qxc3 29. cxd6+ Rxd6 30. Bxc3 Rxd2 31. Rxd2 Rxd2 32. Bxd2 g5 33. hxg5 hxg5 34. Kb2 Nd4 35. Bd1 Ne6 36. Bb4+ Kf7 37. Bd6 Ke8 38. Kc3 Kd7 39. Bb8 Bc6 40. Be5 Ke7 41. a3 Ke8 42. Bc2 Ke7 43.
Bb8 Kd7 44. Kd2 Kc8 45. Be5 Kd7 46. Bf6 Ke8 47. Bc3 Ke7 48.
Ke1 Nc5 49. Kf2 Ke6 50. Bg7 Bb7 51. Bh6 Kf6 52. Bf8 Ba6 53.
Bd6 Bxc4 54. Bb8 a6 55. Bc7 b5 56. Bd8+ Kg6 57. Be7 Ne6 58.
Bb4 Nd4 59. Bb1 Kf7 60. g3 fxg3+ 61. Kxg3 Be2 62. f4 gxf4+ 63. Kxf4 Bc4 64. Ke5 Nb3 65. Kd6 a5 66. Be1 a4 67. e5 Nd4 68. Be4 Ne6 69. Bf3 Nd4 70. Bh5+ Kf8 71. Bf2 Nf5+ 72. Kd7 Ng7 73. Bc5+ Kg8 74. Bg4 Kf7 75. Kc6 Bd3 76. Bb4 Bc4 77. Bc3 Bd3 78. Kd6 Bc4 79. Bd7 Ne6 80. Bc6 Nf4 81. Bd7 Ne6 82. Kc6 Ke7 83. Bb4+ Kf7 84. Kb6 Nd4 85. Bd6 Be6 86. Bxe6+ Kxe6 87. Kc5 Nf5 88. Bb8 Nh6 89. Kxb5 Nf7 90. Kxa4 Kd7 91. Kb5 Nd8 92. Kb6 Kc8 93. Bd6 Ne6 94. a4 Nf4 95. a5 Nd5+ 96. Kc5 Nf4 97. a6 Ne6+ 98. Kb6 Nf4 99. a7 Nd5+ 100. Ka6 1-0